 Dungeon Crawl Stone Soup version 0.29.0-7-g18a832c13a (webtiles) character file.

Game seed: 17083832737224863680

2125 Ijustatesigmund the Cleaver (level 9, -8/84 HPs)
             Began as a Hill Orc Fighter on Aug 31, 2022.
             Mangled by an orc warrior (10 damage)
             ... in a bailey.
             The game lasted 00:13:52 (6201 turns).

Ijustatesigmund the Cleaver (Hill Orc Fighter)      Turns: 6201, Time: 00:13:52

Health: -8/84      AC: 12    Str: 23    XL:     9   Next: 29%
Magic:  9/9        EV: 12    Int:  8    God:
Gold:   287        SH:  9    Dex: 10    Spells: 8/8 levels left

rFire   + . .      SeeInvis .   a - +4 war axe
rCold   . . .      Faith    .   c - +0 kite shield
rNeg    . . .      Spirit   .   b - +0 scale mail
rPois   +          Reflect  .   (helmet restricted)
rElec   .          Harm     .   l - +0 cloak
rCorr   .          Rampage  .   u - +1 pair of gloves
Will    .....                   x - +0 pair of boots
Stlth   ..........              (no amulet)
HPRegen 0.24/turn               i - +4 ring of evasion
MPRegen 0.11/turn               p - ring of protection from fire

@: no status effects
A: horns 1, poison resistance, subdued magic 1
a: no special abilities


You were in a bailey.
You visited 2 branches of the dungeon, and saw 8 of its levels.
You also visited: Bailey.

You collected 287 gold pieces.

Inventory:

Hand Weapons
 a - a +4 war axe (weapon)
Missiles
 y - a throwing net (quivered)
Armour
 b - a +0 scale mail (worn)
 c - a +0 kite shield (worn)
 l - a +0 cloak (worn)
 u - a +1 pair of gloves (worn)
 x - a +0 pair of boots (worn)
Magical Staves
 n - a staff of conjuration
Jewellery
 d - a ring of wizardry
 h - a ring of ice
 i - a +4 ring of evasion (left hand)
 p - a ring of protection from fire (right hand)
 v - a ring of see invisible
Wands
 m - a wand of roots (3)
Scrolls
 e - 2 scrolls of magic mapping
 g - 2 scrolls of silence
Potions
 o - 2 potions of lignification
 r - 5 potions of magic
 t - a potion of resistance


   Skills:
 + Level 9.5 Fighting
 + Level 9.9 Axes
 - Level 5.9 Armour
 + Level 5.4 Shields


You had 8 spell levels left.
You didn't know any spells.
Your spell library contained the following spells:

 Spells                   Type           Power      Damage    Failure   Level
 Inner Flame              Hex/Fire       0%         N/A       100%        3
 Cause Fear               Hex            0%         N/A       100%        4
 Discord                  Hex            0%         N/A       100%        8


Dungeon Overview and Level Annotations

Branches:
Dungeon (7/15)             Temple (1/1) D:6          Bailey (1/1)

Altars:
Ashenzari
Elyvilon
Gozag
Hepliaklqana
Kikubaaqudgha
Makhleb
Nemelex Xobeh
Okawaru
Qazlal
Ru
Sif Muna
Trog
Uskayaw
Vehumet
Wu Jian
Xom
Yredelemnul
Zin
The Shining One

Annotations:
D:2 Sigmund
D:7 Duvessa


Innate Abilities, Weirdness & Mutations

You have a pair of small horns on your head.
Your system is resistant to poisons. (rPois)
Your spells are a little easier to cast, but a little less powerful.


Message History

You miss the orc warrior.
The orc warrior is lightly wounded.
The orc warrior shoots a bolt.
The bolt hits you!
* * * LOW HITPOINT WARNING * * *
The orc shoots a bolt.
The bolt barely misses you. The orc warrior misses you.
The orc shoots a bolt.
The bolt misses you.
The orc shoots a bolt.
The bolt hits you!
* * * LOW HITPOINT WARNING * * *
The orc warrior shoots a bolt.
The bolt closely misses you.
You feel better. You block the orc warrior's attack.
The orc warrior shoots a bolt.
You block the bolt.
As you read the scroll of fear, it crumbles to dust.
You assume a fearsome visage.
The orc warrior resists with some effort.
The orc looks frightened!
The orc warrior looks frightened!
The orc looks frightened!
The orc warrior hits you.
* * * LOW HITPOINT WARNING * * *
You hit the orc warrior. Your headbutt misses the orc warrior.
The orc warrior is lightly wounded.
The orc warrior closely misses you.
The orc nearly stumbles in trying to escape.
You block the orc warrior's attack.
You slash the orc warrior! Your headbutt misses the orc warrior.
The orc warrior is severely wounded.
You block the orc warrior's attack.
You closely miss the orc warrior.
The orc warrior is severely wounded.
The orc warrior hits you.
* * * LOW HITPOINT WARNING * * *
You barely miss the orc warrior.
The orc warrior is severely wounded.
The orc warrior hits you!
* * * LOW HITPOINT WARNING * * *
You hit the orc warrior. You headbutt the orc warrior.
The orc warrior is severely wounded.
You block the orc warrior's attack.
You hit the orc warrior. You headbutt the orc warrior.
The orc warrior is almost dead.
The orc warrior hits you!
You die...

.........≈#∩.##≈.....#
###......≈##.#≈≈.....#
####...≈≈≈.≈≈......#
##..............#
##.............#
#.............#
##............#
#............#
#......@.....#
#......o.....#
#............#
#............#
..............#
...............#
...≈≈≈.≈≈......#
.≈##.#≈≈.....# .≈
∩o##≈.....#


You could see an orc warrior.

Vanquished Creatures
  The ghost of 2tc the Firebug, an amateur GrFE (D:4)
  Menkaure (D:5)
  An orc warrior (Bailey)
  A black bear (D:5)
  An ice beast (D:3)
  An ogre (D:5)
  2 phantoms
  2 bullfrogs
  2 necrophages (D:5)
  A scorpion (D:5)
  3 wights (D:6)
  Dowan (D:7)
  6 killer bees (D:7)
  A howler monkey (D:6)
  3 hounds
  2 jellies
  2 orc priests
  An iguana (D:6)
  5 orc wizards (D:6)
  Robin (D:4)
  3 adders
  An ufetubus (D:5)
  A worm (D:4)
  11 dart slugs
  19 orcs
  9 endoplasms
  3 giant cockroaches (D:4)
  14 goblins
  11 hobgoblins
  8 jackals
  2 kobolds
  7 quokkas
  3 ball pythons (D:4)
  3 bats (D:1)
  5 frilled lizards
  5 rats
143 creatures vanquished.

Notes
Turn   | Place    | Note
-------+----------+-------------------------------------------
     0 | D:1      | Ijustatesigmund the Hill Orc Fighter began the quest for
                  | the Orb.
     0 | D:1      | Reached XP level 1. HP: 19/19 MP: 1/1
   381 | D:1      | Reached XP level 2. HP: 27/27 MP: 2/2
   737 | D:1      | Reached XP level 3. HP: 30/34 MP: 3/3
  1341 | D:2      | Noticed Sigmund
  1373 | D:2      | Gained mutation: Your system is resistant to poisons.
                  | (rPois) [potion of mutation]
  1373 | D:2      | Gained mutation: Your spells are a little easier to cast,
                  | but a little less powerful. [potion of mutation]
  1373 | D:2      | Gained mutation: You have a pair of small horns on your
                  | head. [potion of mutation]
  1558 | D:3      | Noticed an ice beast
  1566 | D:3      | Killed an ice beast
  1567 | D:3      | Reached skill level 5 in Fighting
  1567 | D:3      | Reached skill level 5 in Axes
  1567 | D:3      | Reached XP level 4. HP: 27/42 MP: 4/4
  1567 | D:3      | Reached XP level 5. HP: 31/48 MP: 5/5
  2305 | D:3      | Found a hide-covered altar of Uskayaw.
  2659 | D:4      | Noticed a phantom
  2737 | D:4      | Reached XP level 6. HP: 54/57 MP: 6/6
  2821 | D:4      | Found a runed translucent door.
  3304 | D:4      | Reached XP level 7. HP: 54/64 MP: 7/7
  3321 | D:4      | Noticed Robin
  3329 | D:4      | Killed Robin
  3485 | D:4      | Found a runed translucent door.
  3488 | D:4      | Noticed 2tc's ghost (amateur GrFE)
  3795 | D:4      | Killed 2tc's ghost
  3864 | D:5      | Entered Level 5 of the Dungeon
  3868 | D:5      | Found a shimmering altar of Xom.
  3908 | D:5      | Reached skill level 5 in Armour
  3958 | D:5      | Found a stormy altar of Qazlal.
  4058 | D:5      | Reached XP level 8. HP: 61/73 MP: 8/8
  4233 | D:5      | Found a sparkling altar of Nemelex Xobeh.
  4233 | D:5      | Found an ornate altar of the Wu Jian Council.
  4414 | D:5      | Noticed Menkaure
  4419 | D:5      | Killed Menkaure
  4454 | D:5      | Found an iron altar of Okawaru.
  5136 | D:6      | Found a staircase to the Ecumenical Temple.
  5145 | Temple   | Entered the Ecumenical Temple
  5145 | Temple   | Found a transporter.
  5145 | Temple   | Found a transporter.
  5147 | Temple   | Found a transporter.
  5147 | Temple   | Found a transporter.
  5274 | D:6      | Reached XP level 9. HP: 64/83 MP: 9/9
  5624 | D:7      | Reached skill level 5 in Shields
  5700 | D:7      | Noticed Dowan
  5701 | D:7      | Noticed Duvessa
  5705 | D:7      | Killed Dowan
  5752 | D:7      | Found a flagged portal.
  5759 | Bailey   | Entered a bailey
  6199 | Bailey   | HP: 2/84 [orc warrior (8)]
  6201 | Bailey   | Mangled by an orc warrior

Illustrated notes

Levels and vault maps discovered:
D:1:      dpeg_cavernosity, layout_basic
D:2:      layout_basic, uniq_sigmund, uniq_crazy_yiuf_cottage
D:3:      layout_loops_ring, mainiacjoe_overflow_alcove_4,
          roderic_serpentine_path
D:4:      kennysheep_slugbush, layout_rooms, ebering_ghost_sewer_f,
          minmay_fractal_squares_diagonal_5, uniq_robin
D:5:      layout_basic, nicolae_overflow_two_pavilions, okawaru_gym_becter,
          mainiacjoe_overflow_small_starburst, nicolae_qazlal_general_emergency,
          uniq_menkaure
D:6:      layout_rooms
D:7:      layout_loops_cross, lemuel_round_altar, enter_bailey_2, uniq_duvessa
Temple:   hellmonk_temple_divided_pantheon
Bailey:   bailey_polearm_2, bailey

Skill      XL: |  1  2  3  4  5  6  7  8  9 |
---------------+----------------------------+-----
Axes           | 3 5 6 7 9 |  9.9
Fighting       | 4 5 6 7 9 |  9.5
Armour         | 4 5 |  5.9
Shields        | 4 5 |  5.4

Action                   |  1- 3 |  4- 6 |  7- 9 || total
-------------------------+-------+-------+-------++-------
Melee: War axe           |    66 |   132 |   207 ||   405
       Headbutt          |     2 |    22 |    29 ||    53
Throw: Throwing net      |       |       |     1 ||     1
Evoke: Wand              |       |       |     5 ||     5
  Use: Potion            |     5 |       |     7 ||    12
       Scroll            |       |     7 |    12 ||    19
Armor: Scale mail        |    33 |    44 |    93 ||   170
Dodge: Dodged            |    34 |    87 |   114 ||   235
Block: Buckler           |     8 |    24 |    19 ||    51
       Kite shield       |       |       |    57 ||    57
